AoeStats
← AiM | CanvaL

Arabia

509156870Analyzed
1v1 RM · 7d ago on Sep 25, 2026· 38m 48s· 2 players
Game mode
Random Map
Map size
Tiny (2 player)
Population
200
Speed
Normal
Resources
Standard
Victory
Conquest
Starting age
Dark Age
Ending age
Imperial Age
RankedLock teamsTeams togetherTeam positionsShared explorationLock speedFull tech treeHidden civsTurbo modeCheats
Victory
Defeat
🇨🇳 Huns · China
1560
+14
🇨🇱 Magyars · Chile
1523
-14
AiM | CanvaL
4:20 Loom
6:34 Loom
9:11 Feudal Age
10:39 Double-Bit Axe
11:06 Town Watch
15:52 Fletching
16:46 Scale Mail Armor
16:51 Scale Barding Armor
22:59 Castle Age
21:38 Horse Collar
21:50 Gold Mining
22:22 Bloodlines
22:55 Scale Barding Armor
24:06 Husbandry
28:22 Chain Barding Armor
33:45 Gold Shaft Mining
36:34 Bodkin Arrow
36:39 Padded Archer Armor
37:05 Elite Skirmisher
38:05 Bow Saw
38:53 Thumb Ring
民办大A
6:30 Loom
9:14 Feudal Age
10:45 Double-Bit Axe
10:42 Horse Collar
15:40 Scale Barding Armor
16:46 Forging
20:02 Fletching
22:45 Castle Age
21:45 Gold Mining
21:57 Padded Archer Armor
22:09 Bloodlines
23:25 Bodkin Arrow
23:41 Bow Saw
24:13 Heavy Plow
24:49 Wheelbarrow
28:29 Husbandry
31:31 Ballistics
31:54 Leather Archer Armor
38:29 Imperial Age
37:01 Hand Cart
36:32 Town Watch
38:22 Thumb Ring
38:39 Chain Barding Armor
39:42 Parthian Tactics
39:27 Bracer
Connection lost

Rejoining the realm…

Still unreachable

The connection could not be restored.

Session expired

The server has moved on; the page needs a fresh start.